 Dungeon Crawl Stone Soup version 0.29.1-15-g9cfb28693d (webtiles) character file.

Game seed: 16018367358428335176

1148 kingofthe the Magician (level 8, -9/41 HPs)
             Began as a Deep Elf Fire Elementalist on Mar 4, 2023.
             Was an Initiate of Sif Muna.
             Killed from afar by Dowan (16 damage)
             ... with a stone arrow
             ... on level 5 of the Dungeon.
             The game lasted 00:17:58 (5858 turns).

kingofthe the Magician (Deep Elf Fire Elementalist) Turns: 5858, Time: 00:17:59

Health: -9/41      AC:  5    Str:  5    XL:     8   Next: 15%
Magic:  2/19       EV: 15    Int: 23    God:    Sif Muna [......]
Gold:   285        SH:  0    Dex: 18    Spells: 10/20 levels left

rFire   + . .      SeeInvis .   a - +3 dagger "Newtbane" {protect, rF+ Dex+3 Stlth+}
rCold   + . .      Faith    .   (no shield)
rNeg    . . .      Spirit   .   y - +2 robe {Archmagi}
rPois   .          Reflect  .   (no helmet)
rElec   .          Harm     .   (no cloak)
rCorr   .          Rampage  .   h - +0 pair of gloves
Will    .....      Archmagi +   (no boots)
Stlth   ++++......              (no amulet)
HPRegen 0.13/turn               C - ring of protection from cold
MPRegen 0.16/turn               (no ring)

@: no status effects
A: no striking features
a: Renounce Religion


You were on level 5 of the Dungeon.
You worshipped Sif Muna.
Sif Muna was noncommittal.
You visited 2 branches of the dungeon, and saw 6 of its levels.

You collected 285 gold pieces.


   Skills:
 * Level 5.9 Dodging
 + Level 4.8 Stealth
 + Level 6.6 Spellcasting
 + Level 4.9 Conjurations
 + Level 5.8 Fire Magic
 * Level 1.0 Invocations


You had 10 spell levels left.
You knew the following spells:

 Your Spells              Type           Power      Damage    Failure   Level
a - Foxfire               Conj/Fire      100%       2x1d9     1%          1
b - Scorch                Fire           100%       2d10      1%          2
c - Conjure Flame         Conj/Fire      48%        6-21      2%          3
d - Flame Wave            Conj/Fire      48%        2d12      9%          4

Your spell library contained the following spells:

 Spells                   Type           Power      Damage    Failure   Level
 Inner Flame              Hex/Fire       31%        N/A       7%          3

Inventory:

Hand Weapons
 a - the +3 dagger "Newtbane" (weapon) {protect, rF+ Dex+3 Stlth+}
   (You took it off a hobgoblin on level 3 of the Dungeon)

   It grants its wielder temporary protection when it strikes (+7 to AC).
   Dex:       It affects your dexterity (+3).
   rF:        It protects you from fire.
   Stlth:     It makes you more stealthy.
 b - a +0 whip of electrocution
Armour
 h - a +0 pair of gloves (worn)
 u - a +0 robe
 y - a +2 robe of the Archmagi (worn)
Jewellery
 o - an amulet of faith {!P}
 v - the ring of No Interval {rPois rN+ rCorr Dex-5}
   (You found it on level 4 of the Dungeon)

   [ring of resist corrosion]

   Dex:       It affects your dexterity (-5).
   rPois:     It protects you from poison.
   rN:        It protects you from negative energy.
   rCorr:     It protects you from acid and corrosion.
 C - a ring of protection from cold (left hand)
Wands
 r - a wand of roots (6)
Scrolls
 c - 2 scrolls of amnesia {unknown}
 d - 14 scrolls of identify {unknown}
 f - 2 scrolls of summoning {unknown}
 g - a scroll of noise {unknown}
 i - 2 scrolls of teleportation {unknown}
 m - 3 scrolls of fear {unknown}
 q - a scroll of torment {unknown}
 t - a scroll of enchant armour {unknown}
 x - a scroll of enchant weapon {unknown}
Potions
 e - 4 potions of curing {unknown}
 j - 4 potions of heal wounds {unknown}
 k - a potion of haste {unknown}
 l - a potion of invisibility {unknown}
 n - a potion of degeneration {unknown}
 p - a potion of magic
 s - a potion of mutation {unknown}
 w - a potion of lignification {unknown}
 z - 2 potions of might {unknown}

Dungeon Overview and Level Annotations

Branches:
Dungeon (5/15)             Temple (1/1) D:5

Altars:
Cheibriados
Dithmenos
Elyvilon
Gozag
Hepliaklqana
Makhleb
Nemelex Xobeh
Okawaru
Qazlal
Ru
Sif Muna
Trog
Uskayaw
Vehumet
Yredelemnul
Zin
The Shining One

Shops:
D:5 *

Annotations:
D:5 Dowan

..............#
#......########
###........####
######.#
##.#.....# #.#
#.####### #.# #.#
#.# #). #.# ###
####### #.#
#.....######.#
##...@......#.###
#..)#######.....#
#e#v# #.###.#
#.###.#.# #.# ..#
#.......# #.# .#
#######(# #.. .#
#.'.ee.8#.# #
#.#....⌠#.#
..#######.


You could see Dowan (fast, combustible).


Message History

The foxfire hits Dowan.
Dowan is heavily wounded.
Dowan closely misses you.
Casting: Scorch (safe; 1% risk of failure)
Confirm with . or Enter, or press ? or * to list all spells.
You feel a surge of power!
Flames lash Dowan.
Dowan is severely wounded.
Dowan's fire resistance burns away.
Dowan misses you.
Dowan hits you with a +6 dagger of protection.
* * * LOW HITPOINT WARNING * * *
Casting: Scorch (safe; 1% risk of failure)
Confirm with . or Enter, or press ? or * to list all spells.
You feel a surge of power!
Flames lash Dowan.
Dowan is severely wounded.
Dowan barely misses you.
Casting: Scorch (safe; 1% risk of failure)
Confirm with . or Enter, or press ? or * to list all spells.
You feel a surge of power!
Flames lash Dowan.
Dowan is burned terribly!
Dowan is almost dead.
Dowan hits you with a +6 dagger of protection!
* * * LOW HITPOINT WARNING * * *
Dowan gestures wildly while chanting.
Dowan blinks!
Casting: Scorch (safe; 1% risk of failure)
Confirm with . or Enter, or press ? or * to list all spells.
You can't see any susceptible monsters within range! (Use Z to cast anyway.)
You start resting.
Dowan casts a spell at you. The stone arrow hits you!
You die...

Skill      XL: |  1  2  3  4  5  6  7  8 |
---------------+-------------------------+-----
Dodging        | 3 4 5 |  5.9
Conjurations   | 2 3 4 |  4.9
Stealth        | 3 4 |  4.8
Spellcasting   | 4 5 6 |  6.6
Fire Magic     | 4 5 |  5.8
Invocations    | 1 |  1.0

Action                   |  1- 3 |  4- 6 |  7- 9 || total
-------------------------+-------+-------+-------++-------
Melee: Unarmed           |       |    36 |       ||    36
       Punch             |       |     3 |       ||     3
       Dagger            |       |     6 |       ||     6
 Cast: Foxfire           |    69 |   107 |    57 ||   233
       Scorch            |     5 |    29 |    17 ||    51
Armor: Robe              |     1 |    11 |       ||    12
Dodge: Dodged            |     8 |    46 |    10 ||    64

Levels and vault maps discovered:
D:1:      dpeg_arrival_leaves_temple_mockup, layout_basic,
          grunt_decor_mini_mirrors, corexii_item_surrounded_by_moat
D:2:      layout_loops_ring, hellmonk_ecumenical_altar_crossroads
D:3:      layout_loops_ring, amcnicky_altar_gilded,
          nicolae_yredelemnul_corpse_copse
D:4:      layout_basic
D:5:      dreamdust_elfheim, layout_loops_ring, nicolae_overflow_two_pavilions,
          minmay_temple_entry_gardened_gates, dk_noncrumbling_4,
          nicolae_shop_overcharged_wands, uniq_blork_the_orc, uniq_sigmund
Temple:   nicolae_temple_panitentiary

Notes
Turn   | Place    | Note
-------+----------+-------------------------------------------
     0 | D:1      | kingofthe the Deep Elf Fire Elementalist began the quest
                  | for the Orb.
     0 | D:1      | Reached XP level 1. HP: 10/10 MP: 6/6
   455 | D:1      | Reached XP level 2. HP: 15/15 MP: 1/8
   458 | D:1      | Learned a level 2 spell: Scorch
  1424 | D:2      | Found a faded altar of an unknown god.
  1436 | D:2      | Reached XP level 3. HP: 19/19 MP: 3/10
  1612 | D:2      | Reached skill level 3 in Dodging
  1642 | D:2      | Reached skill level 2 in Conjurations
  1646 | D:2      | Reached XP level 4. HP: 24/24 MP: 1/11
  1926 | D:2      | You fall into a shaft and drop 2 floors!
  2022 | D:3      | Reached skill level 3 in Stealth
  2022 | D:3      | Reached skill level 4 in Spellcasting
  2022 | D:3      | Reached skill level 4 in Fire Magic
  2121 | D:3      | Found a basalt altar of Yredelemnul.
  2148 | D:3      | Reached XP level 5. HP: 17/28 MP: 0/13
  2167 | D:3      | Found a burning altar of Makhleb.
  2534 | D:3      | Noticed an ogre
  2542 | D:3      | Killed an ogre
  2543 | D:3      | Reached skill level 4 in Dodging
  2543 | D:3      | Reached skill level 3 in Conjurations
  2640 | D:3      | Identified the +3 dagger "Newtbane" {protect, rF+ Dex+3
                  | Stlth+}
  2937 | D:3      | Reached XP level 6. HP: 32/32 MP: 9/15
  2980 | D:3      | Learned a level 3 spell: Conjure Flame
  3536 | D:3      | Reached skill level 5 in Spellcasting
  3894 | D:4      | Identified the ring of No Interval {rPois rN+ rCorr Dex-5}
  4443 | D:4      | Reached skill level 5 in Fire Magic
  4536 | D:4      | Reached skill level 4 in Stealth
  4536 | D:4      | Reached XP level 7. HP: 36/36 MP: 12/17
  4765 | D:4      | Reached skill level 4 in Conjurations
  5021 | D:4      | Reached skill level 5 in Dodging
  5176 | D:5      | Entered Level 5 of the Dungeon
  5186 | D:5      | Found a staircase to the Ecumenical Temple.
  5205 | Temple   | Entered the Ecumenical Temple
  5205 | Temple   | Noticed a reaper
  5205 | Temple   | Noticed an Ice Fiend
  5206 | Temple   | Noticed Yredgh the pandemonium lord
  5206 | Temple   | Noticed Guuh the pandemonium lord
  5207 | Temple   | Noticed a soul eater
  5207 | Temple   | Noticed a red devil
  5209 | Temple   | Noticed Cokhlu the pandemonium lord
  5210 | Temple   | Noticed a blizzard demon
  5210 | Temple   | Noticed an orange demon
  5233 | Temple   | Noticed a rust devil
  5250 | Temple   | Noticed Fachiam the pandemonium lord
  5251 | Temple   | Noticed a sixfirhy
  5264 | Temple   | Noticed a ynoxinul
  5265 | Temple   | Became a worshipper of Sif Muna the Loreminder
  5267 | Temple   | Noticed Moneocur the pandemonium lord
  5267 | Temple   | Noticed an Executioner
  5276 | Temple   | Noticed a cacodemon
  5277 | Temple   | Noticed a tormentor
  5277 | Temple   | Noticed Woont the pandemonium lord
  5279 | Temple   | Noticed an Executioner
  5409 | D:5      | Found Dealitit's Overcharged Wands.
  5421 | D:5      | Reached skill level 6 in Spellcasting
  5618 | D:5      | Noticed Blork the orc
  5624 | D:5      | Killed Blork the orc
  5702 | D:5      | Identified a +2 robe of the Archmagi
  5702 | D:5      | Noticed Sigmund
  5709 | D:5      | Killed Sigmund
  5710 | D:5      | Reached XP level 8. HP: 41/41 MP: 14/19
  5756 | D:5      | Learned a level 4 spell: Flame Wave
  5824 | D:5      | Noticed Duvessa
  5824 | D:5      | Noticed Dowan
  5836 | D:5      | Killed Duvessa
  5837 | D:5      | Reached skill level 1 in Invocations
  5858 | D:5      | Killed from afar by Dowan

Vanquished Creatures
  Sigmund (D:5)
  Duvessa (D:5)
  An ogre (D:3)
  A phantom (D:5)
  Blork the orc (D:5)
  2 scorpions
  A jelly (D:4)
  2 orc priests (D:3)
  A gnoll bouda (D:4)
  3 iguanas (D:4)
  An orc wizard (D:5)
  3 scorpion zombies (D:3)
  A hound zombie (D:3)
  4 adders
  11 gnolls
  16 orcs
  6 endoplasms
  3 giant cockroaches
  5 hobgoblins
  5 quokkas
  3 ball pythons
  10 bats
  A frilled lizard (D:2)
  5 goblins
  5 kobolds
  5 rats
98 creatures vanquished.

Vanquished Creatures (others)
  404 foxfires
  2 plants (D:5)
406 creatures vanquished.

Grand Total: 504 creatures vanquished

Table legend: (Time is in decaauts)
 A = Elapsed time spent in this place.
 B = Non-inter-level travel time spent in this place.
 C = Inter-level travel time spent in this place.
 D = Time resting spent in this place.
 E = Time spent auto-exploring this place.
 F = Levels seen in this place.
 G = Mean time per level.
                   A        B        C        D        E       F      G
               +--------+--------+--------+--------+--------+-----+--------+
         Total |   5855 |   5689 |    166 |    523 |   4414 |   6 |  975.8 |
       Dungeon |   5741 |   5594 |    147 |    523 |   4340 |   5 | 1148.2 |
        Temple |    113 |     94 |     19 |      0 |     74 |   1 |  113.0 |
               +--------+--------+--------+--------+--------+-----+--------+

Top non-repeatable levels by time:
     D:3: 1668 daAuts
     D:4: 1318 daAuts
     D:1: 1106 daAuts
     D:2: 1082 daAuts
     D:5: 566 daAuts
  Temple: 113 daAuts

Table legend:
 A = Non-vault XP
 B = Vault XP
 C = Vault XP percentage of total XP
 D = Non-vault monster count
 E = Vault monster count
 F = Vault count percentage of total count
                 A         B        C        D         E       F
            +---------+---------+-------+---------+---------+-------
      Total |    1023 |     618 |  37.7 |      91 |       7 |   7.1
            +---------+---------+-------+---------+---------+-------
        D:1 |      24 |       0 |   0.0 |      15 |       0 |   0.0
        D:2 |     100 |       0 |   0.0 |      23 |       0 |   0.0
        D:3 |     243 |     130 |  34.9 |      22 |       4 |  15.4
        D:4 |     403 |       0 |   0.0 |      23 |       0 |   0.0
        D:5 |     253 |     488 |  65.9 |       8 |       3 |  27.3
            +---------+---------+-------+---------+---------+-------
